 Dungeon Crawl Stone Soup version 0.31-a0-636-ge1c0e020e0 (webtiles) character file.

Game seed: 12823998929090749706

90 AtlasWard the Chopper (level 4, 0/38 HPs)
             Began as a Draconian Gladiator on Aug 26, 2023.
             Killed by divine providence
             ... invoked by an orc priest
              (9 damage)
             ... on level 3 of the Dungeon.
             The game lasted 00:02:52 (2121 turns).

AtlasWard the Chopper (Draconian Gladiator)         Turns: 2121, Time: 00:02:53

Health: 0/38       AC:  5    Str: 19    XL:     4   Next: 32%
Magic:  4/4        EV: 12    Int:  8    God:
Gold:   142        SH:  0    Dex: 12    Spells: 3/3 levels left

rFire   . . .        a - +0 war axe
rCold   . . .        j - +0 buckler
rNeg    . . .        (body armour unavailable)
rPois   .            b - +0 hat
rElec   .            (no cloak)
rCorr   .            (no gloves)
SInv    .            (no boots)
Will    .....        (no amulet)
Stlth   +            (no ring)
HPRegen 0.26/turn    (no ring)
MPRegen 0.09/turn

%: no passive effects
@: confused, ambrosia-drunk
A: AC +5, unfitting armour, cold-blooded
a: no special abilities


You were on level 3 of the Dungeon.
You visited 1 branch of the dungeon, and saw 3 of its levels.

You collected 142 gold pieces.

Inventory:

Hand Weapons
 a - a +0 war axe (weapon)
Missiles
 c - 3 throwing nets (quivered)
 d - a javelin
Armour
 b - a +0 hat (worn)
 j - a +0 buckler (worn)
Scrolls
 e - a scroll of teleportation {unknown}
 f - a scroll of immolation {unknown}
 m - a scroll of revelation {unknown}
Potions
 h - a potion of enlightenment {unknown}
 i - a potion of attraction {unknown}
 k - 2 potions of curing {unknown}
 l - a potion of lignification {unknown}
 n - a potion of degeneration {unknown}


   Skills:
 + Level 3.2 Fighting
 * Level 4.4 Axes
 - Level 1.7 Throwing
 - Level 2.6 Dodging
 + Level 1.1 Shields


You had 3 spell levels left.
You didn't know any spells.
Your spell library contained the following spells:

 Spells                   Type           Power      Damage    Failure   Level
 Sandblast                Erth           0%         2d4       50%         1
 Ensorcelled Hibernation  Hex/Ice        0%         N/A       63%         2
 Passwall                 Tmut/Erth      0%         N/A       63%         2
 Gell's Gravitas          Tloc           0%         N/A       86%         3
 Inner Flame              Hex/Fire       0%         N/A       86%         3
 Stone Arrow              Conj/Erth      0%         3d7       86%         3
 Swiftness                Air            0%         N/A       86%         3
 Teleport Other           Tloc           0%         N/A       86%         3
 Vhi's Electric Charge    Tloc/Air       0%         N/A       86%         3
 Arcjolt                  Conj/Air       0%         1d10      100%        5
 Yara's Violent Unravell  Hex/Tmut       0%         3d3       100%        5
 Dispersal                Tloc           0%         N/A       100%        6
 Enfeeble                 Hex            0%         N/A       100%        7
 Maxwell's Capacitive Co  Air            0%         ∞         100%        8


Dungeon Overview and Level Annotations

Branches:
Dungeon (3/15)

Altars:
Dithmenos
Elyvilon
Vehumet

Shops:
D:1 **

Annotations:
D:3 Terence


Innate Abilities, Weirdness & Mutations

Your plain brown scales are hard. (AC +5)
You cannot fit into any form of body armour.
You are cold-blooded and may be slowed by cold attacks.


Message History

An orc comes into view. It is wielding a +0 whip.
An orc priest comes into view. It is wielding a +0 club.
The orc priest shouts!
The orc shouts!
You see here a book of Callings.
Found a scroll labelled KEKLUIMIANT.
The orc priest calls down the wrath of Beogh upon you.
Beogh smites you! The orc hits you with a +0 hand axe.
You barely miss the orc. You barely miss the orc. The orc barely misses you.
The orc closely misses you.
You slash the orc!
You kill the orc!
You hit the orc but do no damage. The orc hits you but does no damage.
You closely miss the orc. You hit the orc but do no damage.
The orc closely misses you. The orc hits you with a +0 whip.
You see here a book of Callings.
You hit the orc.
The orc is severely wounded.
The orc hits you but does no damage. You block the orc's attack.
You completely miss the orc.
You tail-slap the orc, but do no damage.
The orc is severely wounded.
The orc hits you with a +0 flail!
* * * LOW HITPOINT WARNING * * *
You closely miss the orc.
You tail-slap the orc, but do no damage.
The orc is severely wounded.
The orc hits you with a +0 flail.
* * * LOW HITPOINT WARNING * * *
You barely miss the orc.
The orc is severely wounded.
The orc barely misses you. The orc hits you with a +0 flail.
* * * LOW HITPOINT WARNING * * *
The orc priest calls upon Beogh to heal the orc.
The orc's wounds heal themselves!
It was a potion of ambrosia.
You are confused.
You feel invigorated.
The orc priest invokes the aid of Beogh against you.
Beogh smites you!
You die...

#.# .?. ..##.# ... #.##.#
.. #.##.# ### ..
#.##.######### ... #.
#.##.#.......# ### #.
#.##.#.#####.#
####.#o#####.............
......oo@...(.....#####.#
......############# #.#
### .##### #.#
##8#######8## ##.#
##...##⌠##...## #...
#_.#..'['..#._# #..#
##...##.##...## #..#
####8##⌠.⌠##8## #..#
...#####'##### #..#


You could see an orc priest and 2 orcs.

Vanquished Creatures
  3 adders
  A worm (D:3)
  2 orcs (D:3)
  5 endoplasms
  A giant cockroach (D:2)
  6 goblins
  10 hobgoblins
  2 jackals (D:1)
  A quokka (D:1)
  5 ball pythons
  6 bats
  2 frilled lizards
  5 kobolds
  7 rats
56 creatures vanquished.

Notes
Turn   | Place    | Note
-------+----------+-------------------------------------------
     0 | D:1      | AtlasWard the Draconian Gladiator began the quest for the
                  | Orb.
     0 | D:1      | Reached XP level 1. HP: 17/17 MP: 1/1
   195 | D:1      | Reached XP level 2. HP: 21/25 MP: 2/2
   313 | D:1      | Found Ykkyow's Assorted Antiques.
   522 | D:1      | Found a transporter.
   525 | D:1      | Found Voemicvy's Assorted Antiques.
   567 | D:1      | Found a transporter.
   867 | D:2      | Reached XP level 3. HP: 27/30 MP: 3/3
  1175 | D:2      | Reached skill level 4 in Axes
  1522 | D:3      | Found a shadowy altar of Dithmenos.
  1617 | D:3      | Reached XP level 4. HP: 38/38 MP: 4/4
  1634 | D:3      | Noticed Terence
  1874 | D:3      | Found a radiant altar of Vehumet.
  1884 | D:3      | Found a white marble altar of Elyvilon.
  1925 | D:3      | Reached skill level 1 in Shields
  2121 | D:3      | Killed from afar by an orc priest

Illustrated notes

Levels and vault maps discovered:
D:1:      lightli_arrival_statuegarden, layout_basic, serial_shops, shop,
          nicolae_shop_drivethru
D:2:      layout_basic, amcnicky_mini_pool_small
D:3:      layout_loops_ring, mainiacjoe_overflow_small_starburst,
          amethyst_overflow_temple_binary, minivault_19, roderic_lattice_a,
          uniq_terence

Skill      XL: |  1  2  3  4 |
---------------+-------------+-----
Fighting       | 3 |  3.2
Axes           | 4 |  4.4
Shields        | 1 |  1.1
Throwing       | |  1.7
Dodging        | |  2.6

Action                     |  1- 3 |  4- 6 || total
---------------------------+-------+-------++-------
  Melee: War axe           |   104 |    35 ||   139
         Tailslap          |     5 |     5 ||    10
    Use: Potion            |       |     1 ||     1
   Stab: Sleeping          |     2 |       ||     2
 Armour: Skin              |    34 |    16 ||    50
  Dodge: Dodged            |    73 |    14 ||    87
  Block: Buckler           |     4 |     5 ||     9

Table legend: (Time is in decaauts)
 A = Elapsed time spent in this place.
 B = Non-inter-level travel time spent in this place.
 C = Inter-level travel time spent in this place.
 D = Time resting spent in this place.
 E = Time spent auto-exploring this place.
 F = Levels seen in this place.
 G = Mean time per level.
                   A        B        C        D        E       F      G
               +--------+--------+--------+--------+--------+-----+--------+
         Total |   2166 |   2029 |    137 |      0 |   1622 |   3 |  722.0 |
       Dungeon |   2166 |   2029 |    137 |      0 |   1622 |   3 |  722.0 |
               +--------+--------+--------+--------+--------+-----+--------+

Top non-repeatable levels by time:
     D:1: 866 daAuts
     D:3: 697 daAuts
     D:2: 601 daAuts
